 Dungeon Crawl Stone Soup version 0.30-a0-777-ga9a30cbeda (webtiles) character file.

Game seed: 16389637932012726258

301 jimonade the Poker (level 6, 0/48 HPs)
             Began as a Formicid Fighter on Feb 14, 2023.
             Slain by a gnoll
             ... wielding a +0 spear
             ... led by a gnoll bouda
              (7 damage)
             ... on level 4 of the Dungeon.
             The game lasted 00:06:40 (2711 turns).

jimonade the Poker (Formicid Fighter)               Turns: 2711, Time: 00:06:41

Health: 0/48       AC:  9    Str: 20    XL:     6   Next: 64%
Magic:  6/6        EV:  7    Int: 10    God:
Gold:   105        SH: 10    Dex: 13    Spells: 5/5 levels left

rFire   . . .      SeeInvis +    a - +0 trident
rCold   . . .      Faith    .    c - +0 buckler
rNeg    . . .      Spirit   .    j - +0 chain mail
rPois   .          Reflect  +    (helmet unavailable)
rElec   .          Harm     .    v - scarf {repulsion}
rCorr   .          Rampage  .    (no gloves)
Will    .....                    (no boots)
Stlth   x                          - amulet of reflection
HPRegen 0.28/turn                e - ring of wizardry
MPRegen 0.10/turn                (no ring)

@: mighty, repel missiles
A: permanent stasis, dig shafts and tunnels, antennae 3, four strong arms
a: Dig, Shaft Self


You were on level 4 of the Dungeon.
You visited 1 branch of the dungeon, and saw 5 of its levels.

You collected 105 gold pieces.

Inventory:

Hand Weapons
 a - a +0 trident (weapon)
 q - a +0 dagger of venom
 y - a +1 dagger of electrocution
Missiles
 f - 5 boomerangs
Armour
 b - a +0 scale mail
 c - a +0 buckler (worn)
 j - a +0 chain mail (worn)
 v - a scarf of repulsion (worn)
Jewellery
 e - a ring of wizardry (left hand)
 x - an amulet of reflection (around neck)
Scrolls
 h - 2 scrolls of amnesia {unknown}
 i - 2 scrolls of magic mapping {unknown}
 m - 3 scrolls of identify {unknown}
 n - 2 scrolls of teleportation {unknown}
 o - a scroll of immolation {unknown}
 s - a scroll of vulnerability {unknown}
 w - 2 scrolls of enchant weapon {unknown}
Potions
 d - a potion of might
 g - 2 potions of lignification {unknown}
 k - a potion of haste {unknown}
 l - a potion of heal wounds {unknown}
 p - 2 potions of degeneration {unknown}
 r - a potion of resistance {unknown}
 t - 2 potions of attraction {unknown}
 u - a potion of flight {unknown}
 z - a potion of magic {unknown}


   Skills:
 + Level 3.6 Fighting
 * Level 5.3 Polearms
 + Level 4.3 Armour
 + Level 0.3 Dodging
 + Level 0.2 Stealth
 + Level 4.8 Shields


You had 5 spell levels left.
You didn't know any spells.
Your spell library was empty.

Dungeon Overview and Level Annotations

Branches:
Dungeon (5/15)
 Temple: D:4-7

Altars:
Zin

Shops:
D:2 (

Annotations:
D:2 exclusion: downstairs
D:3 Sigmund


Innate Abilities, Weirdness & Mutations

You cannot be hasted, slowed, berserked, paralysed or teleported.
You can dig through walls and to a lower floor.
You have a pair of large antennae on your head. (SInv)
Your four strong arms can wield two-handed weapons with a shield.


Message History

You block the gnoll's attack.
The gnoll bouda hits you with a +0 club.
You hit the gnoll bouda.
The gnoll bouda is lightly wounded.
The gnoll hits you from afar with a +0 spear.
You block the gnoll bouda's attack.
You puncture the gnoll bouda!
The gnoll bouda is heavily wounded.
You block the gnoll's attack.
The gnoll bouda hits you but does no damage.
You hit the gnoll bouda but do no damage.
The gnoll bouda is heavily wounded.
You block the gnoll's attack.
The gnoll bouda hits you with a +0 club.
You hit the gnoll bouda.
The gnoll bouda is heavily wounded.
The gnoll is no longer moving quickly.
The gnoll hits you from afar with a +0 spear.
You block the gnoll bouda's attack.
You hit the gnoll bouda but do no damage.
The gnoll bouda is heavily wounded.
The gnoll completely misses you.
The gnoll bouda hits you with a +0 club.
* * * LOW HITPOINT WARNING * * *
You hit the gnoll bouda.
The gnoll bouda is severely wounded.
You block the gnoll's attack.
The gnoll bouda hits you with a +0 club.
* * * LOW HITPOINT WARNING * * *
The gnoll hits you from afar with a +0 spear.
* * * LOW HITPOINT WARNING * * *
You feel very mighty all of a sudden. You block the gnoll bouda's attack.
The gnoll hits you but does no damage.
You puncture the gnoll bouda!
You kill the gnoll bouda!
Your attacks no longer feel as feeble.
The gnoll hits you but does no damage.
You are too injured to fight recklessly!
The gnoll hits you with a +0 spear!
You die...

#########.....♣.#
#.......#......♣
#.......#....._♣
#.......#......♣
#.......#.....♣♣
#......>##.....# ...
#..............#....
#..)..........##....
####@######....#.....
#...g†....######.....
#....................
#....................
#....................
#....................
##########...........
#######..... { #.....


You could see a gnoll.

Vanquished Creatures
  A phantom (D:4)
  A gnoll bouda (D:4)
  An iguana (D:5)
  Jessica (D:2)
  3 gnolls
  3 adders
  A worm (D:2)
  A dart slug (D:3)
  11 orcs
  5 endoplasms
  A giant cockroach (D:1)
  6 goblins
  5 hobgoblins
  6 kobolds
  4 quokkas
  7 ball pythons
  3 bats
  4 frilled lizards
  9 rats
73 creatures vanquished.

Notes
Turn   | Place    | Note
-------+----------+-------------------------------------------
     0 | D:1      | jimonade the Formicid Fighter began the quest for the Orb.
     0 | D:1      | Reached XP level 1. HP: 18/18 MP: 1/1
   144 | D:1      | Reached XP level 2. HP: 18/24 MP: 2/2
   842 | D:2      | Reached XP level 3. HP: 29/29 MP: 3/3
   933 | D:2      | Reached skill level 3 in Polearms
   983 | D:2      | Noticed Jessica
   986 | D:2      | Killed Jessica
   987 | D:2      | Reached XP level 4. HP: 35/35 MP: 4/4
  1403 | D:2      | Found Jovveuli's Weapon Shoppe.
  1718 | D:3      | Reached skill level 4 in Polearms
  1718 | D:3      | Reached XP level 5. HP: 41/41 MP: 5/5
  2133 | D:3      | Noticed Sigmund
  2149 | D:5      | Entered Level 5 of the Dungeon
  2507 | D:4      | Found a glowing silver altar of Zin.
  2600 | D:4      | Noticed a phantom
  2637 | D:4      | Killed a phantom
  2638 | D:4      | Reached skill level 5 in Polearms
  2638 | D:4      | Reached XP level 6. HP: 43/48 MP: 6/6
  2711 | D:4      | Slain by a gnoll

Illustrated notes

Levels and vault maps discovered:
D:1:      scummos_arrival_gate, layout_basic
D:2:      layout_rooms, serial_shops, nicolae_lakefront_shop,
          kennysheep_jessica_study
D:3:      layout_basic, mainiacjoe_overflow_paths, st_stairs_13, uniq_sigmund,
          uniq_crazy_yiuf_cottage
D:4:      cheibrodos_barr_body, layout_gridville, fedhas_altar_decomposition,
          zin_academy, gammafunk_ghost_necromancy, uniq_blork_the_orc
D:5:      layout_basic, vehumet_statue, minmay_temple_entry_ruins,
          nicolae_elemental_shop

Skill      XL: |  1  2  3  4  5 |
---------------+----------------+-----
Polearms       | 3 4 5 |  5.3
Armour         | 4 |  4.3
Fighting       | |  3.6
Dodging        | |  0.3
Stealth        | |  0.2
Shields        | |  4.8

Action                     |  1- 3 |  4- 6 || total
---------------------------+-------+-------++-------
  Melee: Trident           |   100 |   179 ||   279
    Use: Potion            |       |     1 ||     1
 Armour: Scale mail        |    13 |       ||    13
         Chain mail        |    17 |    52 ||    69
  Dodge: Dodged            |    24 |    52 ||    76
  Block: Buckler           |    19 |    81 ||   100
         Reflection        |       |     2 ||     2

Table legend: (Time is in decaauts)
 A = Elapsed time spent in this place.
 B = Non-inter-level travel time spent in this place.
 C = Inter-level travel time spent in this place.
 D = Time resting spent in this place.
 E = Time spent auto-exploring this place.
 F = Levels seen in this place.
 G = Mean time per level.
                   A        B        C        D        E       F      G
               +--------+--------+--------+--------+--------+-----+--------+
         Total |   2751 |   2662 |     89 |    830 |    927 |   5 |  550.2 |
       Dungeon |   2751 |   2662 |     89 |    830 |    927 |   5 |  550.2 |
               +--------+--------+--------+--------+--------+-----+--------+

Top non-repeatable levels by time:
     D:2: 1050 daAuts
     D:1: 850 daAuts
     D:5: 359 daAuts
     D:3: 273 daAuts
     D:4: 216 daAuts
